AoeStats
← b站江条

Arena

504386417Analyzed
1v1 RM · 28d ago on Sep 5, 2026· 35m 8s· 2 players
Game mode
Random Map
Map size
Tiny (2 player)
Population
200
Speed
Normal
Resources
Standard
Victory
Conquest
Starting age
Dark Age
Ending age
Imperial Age
RankedLock teamsTeams togetherTeam positionsShared explorationLock speedFull tech treeHidden civsTurbo modeCheats
Victory
Defeat
🇨🇱 Slavs · Chile
1365
+16
🇨🇳 Aztecs · China
1370
-16
gon.huck
11:04 Feudal Age
15:17 Castle Age
13:48 Forging
13:34 Horse Collar
13:50 Double-Bit Axe
16:21 Light Cavalry
29:15 Imperial Age
26:58 Scale Mail Armor
28:10 Chain Mail Armor
27:37 Man-at-Arms
28:18 Squires
28:57 Heavy Plow
30:04 Iron Casting
29:02 Long Swordsman
29:49 Two-Handed Swordsman
32:14 Plate Mail Armor
33:22 Siege Engineers
35:01 Chemistry
b站江条
9:54 Feudal Age
14:17 Castle Age
12:29 Double-Bit Axe
14:12 Horse Collar
14:59 Heavy Plow
20:14 Bow Saw
28:47 Imperial Age
26:06 Loom
27:11 Wheelbarrow
26:59 Stone Mining
27:02 Gold Mining
27:20 Fletching
28:14 Bodkin Arrow
28:19 Padded Archer Armor
29:10 Gold Shaft Mining
29:11 Stone Shaft Mining
30:02 Conscription
29:52 Bracer
29:24 Crossbowman
30:39 Arbalester
33:03 Ballistics
33:50 Chemistry
34:10 Crop Rotation
Connection lost

Rejoining the realm…

Still unreachable

The connection could not be restored.

Session expired

The server has moved on; the page needs a fresh start.